Match 37436942
Unlisted

Match 37436942
End
Construct Barracks
Engineer Squad
Selects Advanced Infantry Battlegroup
Riflemen Squad
Riflemen Squad
Grenade Package
Air Support Center
Riflemen Squad
Selects Convert to Ranger Squad
Construct Weapon Support Center
M3 Armored Personnel Carrier
M3 Armored Personnel Carrier
Selects Frontline Medical Station
M3 Armored Personnel Carrier
Engineer Squad
Selects Ammunition Storage
Convert to Ranger Squad
Grasshopper Recon Run
Engineer Squad
Double Sortie
Air Supply
Selects Infantry Assault
Infantry Assault
Grasshopper Recon Run
Convert to Ranger Squad
Grasshopper Recon Run
Construct Medical Station
M1919 Machine Gun Team
BloodSpark
Arty_Q
Cons01
Ra11
Hawker Typoon
Ju 87 Scuba Dive Boner
0
0

Comments sign in to comment!

No comments posted yet!